 Dungeon Crawl Stone Soup version 0.22.1-1-ga44c0e5 (webtiles) character file.

184 Fang the Skirmisher (level 5, -3/49 HPs)
             Began as a Gargoyle Berserker on Nov 9, 2018.
             Was a Believer of Trog.
             Killed by divine providence
             ... invoked by an orc priest
              (13 damage)
             ... on level 3 of the Dungeon.
             The game lasted 00:03:14 (2363 turns).

Fang the Skirmisher (Gargoyle Berserker)            Turns: 2363, Time: 00:03:14

Health: -3/49      AC:  6    Str: 26    XL:     5   Next: 63%
Magic:  5/5        EV: 12    Int: 12    God:    Trog [**....]
Gold:   86         SH:  0    Dex:  9    Spells: 4/4 levels left

rFire    . . .     SeeInvis .   a - +0 hand axe
rCold    + . .     Gourm    .   (no shield)
rNeg     + . .     Faith    .   b - +0 animal skin
rPois    ∞         Spirit   .   (no helmet)
rElec    +         Reflect  .   (no cloak)
rCorr    .         Harm     .   (no gloves)
MR       .....                  (no boots)
Stlth    ..........             i - amulet of rage
HPRegen  0.16/turn              h - ring of protection from cold
MPRegen  0.09/turn              k - +4 ring of intelligence

@: berserking, very quick
A: negative energy resistance 1, electricity resistance, unbreathing,
petrification resistance, rot immunity, AC +4
a: Berserk, Trog's Hand, Renounce Religion, Evoke Berserk Rage


You were on level 3 of the Dungeon.
You worshipped Trog.
Trog was pleased with you.
You were hungry.

You visited 1 branch of the dungeon, and saw 3 of its levels.

You collected 86 gold pieces.

Inventory:

Hand Weapons
 a - a +0 hand axe (weapon)
Armour
 b - a +0 animal skin (worn)
Jewellery
 h - a ring of protection from cold (left hand)
 i - an amulet of rage (around neck)
 k - a +4 ring of intelligence (right hand)
 l - an uncursed ring of protection from fire {unknown}
Scrolls
 e - a scroll of teleportation {unknown}
 f - 5 scrolls of identify {unknown}
 g - a scroll of amnesia {unknown}
 m - a scroll of remove curse {unknown}
 n - a scroll of fog {unknown}
 p - a scroll of magic mapping {unknown}
 r - a scroll of noise {unknown}
Potions
 d - a potion of heal wounds {unknown}
 j - a potion of berserk rage {unknown}
 o - a potion of haste {unknown}
Comestibles
 c - 6 rations
 q - 2 chunks of flesh


   Skills:
 + Level 4.2 Fighting
 + Level 4.2 Axes
 + Level 2.4 Armour
 + Level 2.8 Dodging
 + Level 0.1 Stealth


You had 4 spell levels left.
You didn't know any spells.
Your spell library was empty.

Dungeon Overview and Level Annotations

Branches:
Dungeon (3/15)

Altars:
Wu Jian


Innate Abilities, Weirdness & Mutations

You are resistant to torment.
Your stone body is resilient. (AC +4)
You are immune to poison.
You resist negative energy. (rN+)
You are resistant to electric shocks. (rElec)
You can survive without breathing.
You are immune to petrification.
You are immune to rotting.


Message History

The orc hits you with a club. The orc wizard casts a spell at you.
You resist with some effort.
You barely miss the orc priest.
The orc priest is heavily wounded.
You closely miss the orc. You closely miss the orc wizard.
The orc priest hits you with a falchion.
* * * LOW HITPOINT WARNING * * *
The orc hits you but does no damage.
Unknown command.
You slash the orc priest!
The orc priest is almost dead.
You hit the orc wizard but do no damage.
You hit the orc. The orc wizard casts a spell at you. The magic dart hits you!
* * * LOW HITPOINT WARNING * * *
The orc priest invokes the aid of Beogh against you.
Beogh smites you!
You die...

.# .# .#
##.# ...#
#..#
#.#####oo#
.......@o#
.######.##
#.######
#......#
######.#
#.# ###.###
#.....#
####.#.#.##


You could see an orc priest, an orc wizard and an orc.

Vanquished Creatures
  A howler monkey (D:2)
  Crazy Yiuf (D:2)
  2 gnolls (D:1)
  3 adders (D:2)
  An ooze (D:1)
  A worm (D:2)
  3 dart slugs
  4 leopard geckos (D:1)
  8 bats
  4 giant cockroaches
  7 goblins
  5 hobgoblins
  3 jackals (D:2)
  A quokka (D:2)
  4 frilled lizards
  4 kobolds
  5 rats (D:1)
57 creatures vanquished.

Notes
Turn   | Place    | Note
-------+----------+-------------------------------------------
     0 | D:1      | Fang the Gargoyle Berserker began the quest for the Orb.
     0 | D:1      | Reached XP level 1. HP: 14/14 MP: 1/1
    68 | D:1      | Reached XP level 2. HP: 9/19 MP: 2/2
   364 | D:1      | Reached XP level 3. HP: 5/24 MP: 3/3
   950 | D:1      | Reached ** piety under Trog
   963 | D:1      | Reached XP level 4. HP: 14/29 MP: 4/4
  1511 | D:2      | Reached XP level 5. HP: 24/33 MP: 5/5
  1512 | D:2      | Found an ornate altar of the Wu Jian Council.
  1809 | D:2      | Found a runed door.
  2261 | D:2      | Noticed Crazy Yiuf
  2265 | D:2      | Killed Crazy Yiuf
  2363 | D:3      | Killed from afar by an orc priest

Skill      XL: |  1  2  3  4  5 |
---------------+----------------+-----
Axes           | 3 4 |  4.2
Dodging        | 2 |  2.8
Fighting       | 4 |  4.2
Armour         | |  2.4
Stealth        | |  0.1

Action                   |  1- 3 |  4- 6 || total
-------------------------+-------+-------++-------
Melee: Hand axe          |    98 |   107 ||   205
Invok: Berserk           |     1 |     3 ||     4
  Eat: Chunk             |     1 |     7 ||     8
Armor: Animal skin       |    58 |    42 ||   100
Dodge: Dodged            |   104 |    69 ||   173
